Sylvie, chaotic female sylph Wizard ---------- ## #-........| @###|.------.| #u####+.| |.| #### |.------)| ## # ##...%.....| ### ---------- # ### # -|-------# |........# |.......| .<..?...| --------- Sylvie the Thaumaturge Experience level: 6 Strength: 15 Dexterity: 11 Constitution: 14 Intelligence: 11 Wisdom: 15 Charisma: 11 Health: 0(50) Energy: 70(73) Def: 1 Gold: 186 Moves: 4387 Dungeon seed: TxLiRzhDG_PdZBs6 Game ID: Sylvie_1543444311 Your Inventory: Coins $ - 186 gold pieces Amulets C - an uncursed amulet of life saving Weapons a - a blessed +4 quarterstaff (weapon in hands) m - a blessed +2 elven bow z - a cursed -6 elven spear A - 6 uncursed +0 orcish arrows D - an uncursed +0 sling G - an uncursed +0 dwarvish mattock Armor e - a blessed +0 cloak of magic resistance (being worn) N - an uncursed +0 dwarvish iron helm Comestibles f - an uncursed food ration h - 2 uncursed cloves of garlic B - an uncursed eucalyptus leaf F - an uncursed tripe ration P - an uncursed egg Z - an uncursed lembas wafer Scrolls t - an uncursed scroll of enchant weapon w - an uncursed scroll of enchant armor Spellbooks b - a blessed spellbook of force bolt c - an uncursed spellbook of create monster E - an uncursed spellbook of detect food Potions g - an uncursed potion of healing k - an uncursed potion of water l - an uncursed potion of sleeping R - an uncursed potion of booze Wands X - an uncursed wand of striking (0:6) Y - a blessed wand of light (0:12) Tools d - an uncursed bag of tricks (0:9) J - an uncursed mirror S - an uncursed credit card Gems n - 15 uncursed rocks q - an uncursed worthless piece of black glass r - 5 uncursed flints Spells and supernatural/magical abilities: Name Level Category Fail Memory a - force bolt 1 attack 0% 79% O - create monster 2 clerical 51% 79% W - pray for help -- divine ? -- Your skills at the end: Miscellaneous Skills wands [Basic] Weapon Skills quarterstaff [Basic] Spellcasting Skills attack spells [Basic] enchantment spells [Basic] Final Attributes: You were devoutly aligned. You were magic-protected. You saw invisible. You had infravision. You were somewhat stealthy. You were protected from shape changers. You are dead. Vanquished creatures: a shrieker 3 gnome lords an elf zombie 2 giant ants a floating eye a kitten 3 dwarves a kobold lord an iguana 2 rothes 2 hobbits an acid blob a large kobold 2 geckos 2 cave spiders a brown mold 2 yellow molds 9 gnomes 2 manes a gnome zombie 9 jackals a fox 7 newts a sewer rat 7 grid bugs 3 bats 5 lichens a kobold zombie 73 creatures vanquished. Voluntary challenges: You did not adorn yourself with jewelry or accessories. You did not cause conflict. You were not invisible. You did not have reflection. You were not displaced. You had been an atheist until turn 2904. You used a wielded weapon 60 times, starting on turn 73. You did not use tools. You did not use plumbed fixtures. You read items or engraved 9 times, starting on turn 1854. You never genocided any monsters. You never polymorphed an object. You never changed form. You used no wishes. You never split a pudding. You never wrote Elbereth's name. You violated your moral code, losing 2 points of alignment, starting on turn 872. Dungeon overview: The Dungeons of Doom: levels 1 to 6 Level 1 an altar to Anhur, a fountain a long staircase Level 2 (2nd Level D General Store) a general store, a sink stairs to The Gnomish Mines Level 3 Level 4 Level 5 a sink Level 6 <- You were here The Gnomish Mines: levels 3 to 4 Level 3 stairs to The Dungeons of Doom Level 4 History has recorded: On T:1 you entered the Dungeons of Doom to retrieve the Amulet of Yendor! On T:521 you reached level 2 of The Dungeons of Doom. On T:814 you advanced to experience level 2. On T:1179 you reached level 3 of The Dungeons of Doom. On T:1563 you advanced to experience level 3. On T:1988 you reached level 1 of The Gnomish Mines. On T:2012 you advanced to experience level 4. On T:2115 you advanced to experience level 5. On T:2323 you reached level 2 of The Gnomish Mines. On T:2416 you reached level 4 of The Dungeons of Doom. On T:2904 you prayed to Anhur. On T:3670 you reached level 5 of The Dungeons of Doom. On T:4302 you reached level 6 of The Dungeons of Doom. On T:4346 you advanced to experience level 6. Score breakdown: Gold: 186 ( 18 points) Experience: 6 levels ( 500 points) Exploration: 6 levels ( 150 points) Discoveries: 22 items ( 1100 points) Variety of kills: 28 monsters ( 1400 points) Major goal: (nothing yet) ( 0 points) Survival: died (score multiplied by 3) Total score: 9504 Latest messages: The spell hits the kitten! You kill the kitten! You see here a kobold lord corpse. You see here a bow. The door opens. The gray unicorn butts! The gray unicorn kicks! The gray unicorn butts! The gray unicorn kicks! The spell misses the gray unicorn. The gray unicorn butts! The gray unicorn kicks! The gray unicorn butts! The gray unicorn kicks! The gray unicorn butts! The gray unicorn kicks! The gray unicorn butts! You die... Final status: Goodbye Sylvie the Wizard, killed by a gray unicorn... You died in The Dungeons of Doom on dungeon level 6 with 9504 points, and 186 pieces of gold, after 4387 moves. You were level 6 with a maximum of 50 hit points when you died.